AoeStats
← Fazzz7z

Nomad

505057330Analyzed
2v2 RM · 25d ago on Sep 7, 2026· 32m 43s· 4 players
Game mode
Random Map
Map size
176×176
Population
200
Speed
Normal
Resources
Standard
Victory
Conquest
Starting age
Dark Age
Ending age
Imperial Age
RankedLock teamsTeams togetherTeam positionsShared explorationLock speedFull tech treeHidden civsTurbo modeCheats
Victory
Defeat
🇳🇱 Malians · Netherlands
1359
+20
🇳🇱 Spanish · Netherlands
1355
+20
🇨🇳 Poles · China
1447
-20
🇬🇧 Mongols · United Kingdom
1446
-20
Yo
4:22 Loom
5:08 Loom
13:49 Feudal Age
14:51 Town Watch
17:56 Wheelbarrow
26:36 Castle Age
26:02 Scale Barding Armor
25:43 Double-Bit Axe
Fazzz7z
13:43 Feudal Age
14:24 Double-Bit Axe
14:33 Loom
15:14 Fishing Lines
18:47 Castle Age
17:13 Horse Collar
17:25 Gold Mining
18:56 Wheelbarrow
18:33 Fletching
20:19 Medium Warships
20:39 Bow Saw
24:44 Scale Barding Armor
26:34 Bloodlines
26:58 Husbandry
26:48 Light Cavalry
28:12 Heavy Plow
29:18 Bodkin Arrow
[NAK]_Rucommander
4:57 Loom
14:16 Feudal Age
18:32 Castle Age
30:12 Padded Archer Armor
[NAK]_Spetter
4:13 Loom
12:36 Feudal Age
17:46 Castle Age
16:29 Gold Mining
16:44 Double-Bit Axe
18:16 Fletching
18:36 Forging
19:50 Scale Mail Armor
20:40 Horse Collar
25:54 Wheelbarrow
32:36 Imperial Age
31:34 Iron Casting
Connection lost

Rejoining the realm…

Still unreachable

The connection could not be restored.

Session expired

The server has moved on; the page needs a fresh start.